 Dungeon Crawl Stone Soup version 0.22-a0-776-ge6d7efa (webtiles) character file.

55 Hebeh the Conjurer (level 3, -1/19 HPs)
             Began as a Deep Elf Conjurer on July 18, 2018.
             Slain by Terence
             ... wielding a +2 short sword of electrocution
              (11 damage)
             ... on level 2 of the Dungeon.
             The game lasted 00:03:15 (1406 turns).

Hebeh the Conjurer (Deep Elf Conjurer)              Turns: 1406, Time: 00:03:16

Health: -1/19      AC:  2    Str:  5    XL:     3   Next: 67%
Magic:  3/10       EV: 13    Int: 20    God:
Gold:   33         SH:  0    Dex: 15    Spells: 9/10 levels left

rFire    . . .     SeeInvis .   g - +0 dagger
rCold    . . .     Gourm    .   (no shield)
rNeg     . . .     Faith    .   a - +0 robe
rPois    .         Spirit   .   (no helmet)
rElec    .         Reflect  .   (no cloak)
rCorr    .         Harm     .   (no gloves)
MR       .....                  (no boots)
Stlth    ++........             (no amulet)
HPRegen  0.06/turn              (no ring)
MPRegen  0.12/turn              (no ring)

@: no status effects
A: no striking features
a: no special abilities


You were on level 2 of the Dungeon.
You were not hungry.

You visited 1 branch of the dungeon, and saw 2 of its levels.

You collected 33 gold pieces.

Inventory:

Hand Weapons
 g - a +0 dagger (weapon)
Missiles
 d - 15 sling bullets
 e - 27 arrows
 i - 23 stones (quivered)
Armour
 a - a +0 robe (worn)
Scrolls
 b - a scroll of teleportation {unknown}
 f - 4 scrolls of remove curse {unknown}
 l - a scroll of fog {unknown}
 m - a scroll of fear {unknown}
 n - a scroll of identify {unknown}
 o - a scroll of magic mapping {unknown}
Potions
 h - a potion of mutation {unknown}
 j - a potion of berserk rage {unknown}
 p - a potion of magic {unknown}
Comestibles
 c - 5 rations
 k - 4 chunks of flesh


   Skills:
 - Level 2.4 Dodging
 - Level 2.4 Stealth
 + Level 4.0 Spellcasting
 * Level 5.5 Conjurations


You had 9 spell levels left.
You knew the following spells:

 Your Spells              Type           Power        Failure   Level  Hunger
a - Magic Dart            Conj           ####         1%          1    None

Your spell library contained the following spells:

 Spells                   Type           Power        Failure   Level  Hunger
 Iskenderun's Mystic Bla  Conj           ####....     13%         4    ####...
 Fulminant Prism          Conj/Hex       ###.......   38%         4    ####...
 Dazzling Spray           Conj/Hex       ###...       12%         3    ###....
 Force Lance              Conj/Tloc      ###.....     38%         4    ####...
 Searing Ray              Conj           ####..       1%          2    #......


Dungeon Overview and Level Annotations

Branches:
Dungeon (2/15)

Altars:
Nemelex Xobeh

Annotations:
D:2 Terence


Message History

Some of the chunks of flesh in your inventory have rotted away.
Casting: Magic Dart (safe; 1% risk of failure)
Confirm with . or Enter, or press ? or * to list all spells.
Aiming: Magic Dart (safe; 1% risk of failure)
Press: ? - help, Shift-Dir - straight line, f/p - Terence
Aim: Terence, wielding a short sword of electrocution and wearing a ring mail (severely wounded)
The magic dart hits Terence.
Terence is severely wounded.
Terence hits you with a short sword of electrocution.
Casting: Magic Dart (safe; 1% risk of failure)
Confirm with . or Enter, or press ? or * to list all spells.
Aiming: Magic Dart (safe; 1% risk of failure)
Press: ? - help, Shift-Dir - straight line, f/p - Terence
Aim: Terence, wielding a short sword of electrocution and wearing a ring mail (severely wounded)
The magic dart hits Terence.
Terence is almost dead.
Terence hits you with a short sword of electrocution.
You are electrocuted!
Ouch! That really hurt!
You die...

. .. #. ..
..################
.#.#g ................#
.)...l####......#####.#
#@@...<..#.#
#.....###.####.# ######
#.# #.# #.# #.# #.# #.#
#.# #.### #.# #...##.#
..# ###.##.# ### #.##.#


You could see Terence, a hobgoblin and a frilled lizard.

Vanquished Creatures
  An ooze (D:1)
  A worm (D:2)
  A dart slug (D:2)
  3 leopard geckos (D:1)
  A giant cockroach (D:1)
  5 goblins
  7 hobgoblins
  2 jackals (D:2)
  A quokka (D:2)
  7 bats
  2 frilled lizards (D:2)
  5 kobolds
  4 rats
40 creatures vanquished.

Notes
Turn   | Place    | Note
-------+----------+-------------------------------------------
     0 | D:1      | Hebeh the Deep Elf Conjurer began the quest for the Orb.
     0 | D:1      | Reached XP level 1. HP: 10/10 MP: 6/6
   185 | D:1      | Reached XP level 2. HP: 15/15 MP: 5/8
   276 | D:1      | Reached skill level 5 in Conjurations
   692 | D:1      | Reached XP level 3. HP: 19/19 MP: 6/10
  1033 | D:2      | Found a sparkling altar of Nemelex Xobeh.
  1397 | D:2      | Noticed Terence
  1406 | D:2      | Slain by Terence

Vault maps used:
D:1:      dpeg_arrival_shrine, palyth_stone_intersect
D:2:      mrwooster_statue_mirror, grunt_ministairs_2, chequers_big_river,
          st_stairs_10, nemelex_xobeh_ov_fountains_minmay, uniq_terence

Skill      XL: |  1  2  3 |
---------------+----------+-----
Conjurations   | 5 |  5.5
Spellcasting   | 4 |  4.0
Dodging        | |  2.4
Stealth        | |  2.4

Action                   || total
-------------------------++-------
 Cast: Magic Dart        ||    80
  Eat: Chunk             ||     1
Armor: Robe              ||     1
Dodge: Dodged            ||     6

Table legend:
 A = Spawn XP
 B = Non-spawn XP
 C = Spawn XP percentage of total XP
 D = Spawn monster count
 E = Non-spawn monster count
 F = Spawn count percentage of total count
 G = Total turns spent on level
                    A         B        C        D         E        F      G
               +---------+---------+-------+---------+---------+-------+---------
         Total |       0 |      79 |   0.0 |       0 |      40 |   0.0 |  1406
               +---------+---------+-------+---------+---------+-------+---------
           D:1 |       0 |      51 |   0.0 |       0 |      26 |   0.0 |  1033
           D:2 |       0 |      28 |   0.0 |       0 |      14 |   0.0 |   373
               +---------+---------+-------+---------+---------+-------+---------
